Cogmind - Beta 14 @@@ ROGUE MODE // 2024.11.30 @ 20:11:11 Player: Shimmyarah Result: Destroyed by G-34 Mercenary with Small Laser Performance ------------- Evolutions (0) 0 Regions Visited (1) 200 Robots Destroyed (25) 125 Value Destroyed (332) 332 Prototype IDs (2) 40 Alien Tech Used (0) 0 Bonus (0) 0 TOTAL SCORE: 697 Bonus ------- None Cogmind --------- Core Integrity 0/250 Matter 259/300 Energy 78/100 System Corruption 0% Temperature Cool (6) Movement Core (150) Ox2 Location -10/Materials Parts ------- > --- POWER (1) -------- (None) > --- PROPULSION (2) --- (None) > --- UTILITY (2) ------ Small Storage Unit Utility Shielding > --- WEAPON (2) ------- Mining Laser > --- INVENTORY (8) ---- Ion Engine Flight Unit Flight Unit Flight Unit Flight Unit Seismic Detector Hacking Suite Peak State ------------ > --- POWER ------------ Ion Engine > --- PROPULSION ------- Light Treads Compact Wheel > --- UTILITY ---------- Small Storage Unit Improved Terrain Scanner > --- WEAPON ----------- Medium Laser Light Assault Rifle > --- INVENTORY -------- Ion Engine Light Treads Light Treads Compact Wheel Seismic Detector Hacking Suite Assault Rifle Mining Laser [Rating: 10] Favorites ----------- Power Ion Engine Engine Ion Engine Propulsion Light Treads Treads Light Treads Leg Aluminum Leg Wheel Compact Wheel Flight Unit Flight Unit Utility Small Storage Unit Device Seismic Detector Storage Small Storage Unit Protection Utility Shielding Weapon Medium Laser Energy Gun Medium Laser Ballistic Gun Assault Rifle Special Weapon Mining Laser Build | -11 -10 ------- Run | Yrd Mat Slots Evolved . | . . Power . | . . Propulsion . | . . Utility . | . . Weapon . | . . Parts Attached 19 | 3 16 Power . | . . Engine . | . . Core . | . . Reactor . | . . Propulsion 8 | 2 6 Treads 4 | 1 3 Leg . | . . Wheel 2 | 1 1 Hover . | . . Flight 2 | . 2 Utility 8 | 1 7 Device 7 | 1 6 Storage . | . . Processor . | . . Hackware . | . . Protection 1 | . 1 Artifact . | . . Weapon 3 | . 3 Energy Gun 1 | . 1 Energy Cannon . | . . Ballistic Gun 1 | . 1 Ballistic Cannon . | . . Launcher . | . . Special Weapon 1 | . 1 Impact Weapon . | . . Slashing Weapon . | . . Piercing Weapon . | . . Special Melee Weapon . | . . Unidentified Prototypes . | . . Parts Lost 5 | . 5 Power 1 | . 1 Propulsion 2 | . 2 Utility . | . . Weapon 2 | . 2 Highest Loss Streak 5 | . 5 To Critical Strikes . | . . Average Slot Usage (%) 98 | . 98 Engine 13 | . 13 Treads 24 | . 24 Wheel 2 | . 2 Device 11 | . 11 Storage 14 | . 14 Protection 2 | . 2 Energy Gun 13 | . 13 Ballistic Gun 13 | . 13 Peak Build Rating 10 | 8 10 Average Rating 8 | 6 8 On Entrance 7 | 6 8 Naked Turns . | . . Heaviest Build 15 | 14 15 Greatest Support 40 | 20 40 Greatest Overweight (x) 3 | . 3 Average Overweight (x) . | . . Largest Inventory Capacity 8 | 8 8 Average Capacity 8 | 8 8 Most Carried 8 | 8 8 Average Carried 7 | 6 7 Final Capacity 8 | 8 8 Final Carried 8 | 8 7 Class Distribution -------------------- 100% | Mutant Dominant Class ---------------- Mutant | -10/Materials Resources | -11 -10 ----------- Run | Yrd Mat Matter Collected 468 | 276 192 Remotely . | . . Salvage Created 650 | 284 366 Parts 51 | 28 23 Haulers Intercepted 1 | . 1 Recyclers Shooed 1 | . 1 Parts Field Recycled . | . . Retrieved Matter . | . . Parts Self-Destructed . | . . Prevented . | . . Kills | -11 -10 ------- Run | Yrd Mat Combat Hostiles Destroyed 11 | . 11 Guns 10 | . 10 Classes Destroyed 7 | 3 4 Worker 2 | 2 . Tunneler 9 | 9 . Hauler 1 | . 1 Recycler 1 | 1 . Operator 1 | . 1 Swarmer 6 | . 6 Grunt 5 | . 5 Best Kill Streak 3 | 3 3 Combat Bots Only 3 | . 3 Max Kills in Single Turn 2 | 1 2 Gunslinging 1 | . 1 Exploded . | . . Melee . | . . Uniques/NPCs Destroyed . | . . Combat | -11 -10 -------- Run | Yrd Mat Hostile Shots Fired 122 | . 122 Missed 33 | . 33 Damage Taken 923 | 2 921 Core 251 | 2 249 Absorbed by Shields . | . . Redirected to Shielding 12 | . 12 Core Remaining (%) 99 | 99 . Volleys Fired 91 | 46 45 Largest 2 | 2 2 Hottest 100 | 70 100 Shots Fired 181 | 92 89 Gun 180 | 92 88 Cannon . | . . Launcher . | . . Special 1 | . 1 Kinetic 90 | 46 44 Thermal 91 | 46 45 Explosive . | . . Electromagnetic . | . . Robot Hit Streak 14 | 7 14 Robot Miss Streak 7 | 4 7 Penetration Max . | . . Secondary Targets 2 | . 2 Max Gunslinging Chain 1 | . 1 Shots Hit Robots 108 | 47 61 Core Hits 37 | 16 21 Critical Kills . | . . Critical Parts Destroyed . | . . Critical Strikes 7 | 4 3 Burn 7 | 4 3 Melee Attacks . | . . Impact . | . . Slashing . | . . Piercing . | . . Sneak Attacks . | . . Combat Hostiles . | . . Follow-up Attacks . | . . Damage Inflicted 1259 | 527 732 Guns 1238 | 522 716 Cannons . | . . Explosions . | . . Melee . | . . Ramming 21 | 5 16 Kinetic 471 | 172 299 Thermal 767 | 350 417 Explosive . | . . Electromagnetic . | . . Impact . | . . Slashing . | . . Piercing . | . . Highest Corruption . | . . Average Corruption . | . . Corruption Purged . | . . Corruption Blocked . | . . Overload Shots . | . . Overflow Damage . | . . Projectiles . | . . Explosions . | . . Melee . | . . Knockbacks . | . . Impact . | . . Kinetic . | . . Secondary . | . . Self-Inflicted Damage 8 | 2 6 Shots . | . . Rammed 5 | 1 4 Targets Rammed 5 | 1 4 Kicked . | . . Crushed . | . . Highest Temperature 231 | 210 231 Average Temperature 70 | 73 67 Received Heat Transfer 393 | . 393 Siege Activations . | . . Robots Corrupted . | . . Combat Hostiles . | . . Parts Fried . | . . Impact Corruptions . | . . Robots Melted 1 | . 1 Combat Hostiles 1 | . 1 Parts Melted 7 | 2 5 Heat Transferred 2812 | 1332 1480 Parts Sabotaged . | . . Parts Stolen . | . . Parts Stripped . | . . Power Chain Reactions . | . . Alert | -11 -10 ------- Run | Yrd Mat Peak Influence 209 | 60 209 Initial 39 | . 39 Average 69 | 33 80 Maximum Alert Level 1 | . 1 Low Security (%) 93 | 100 92 Level 1 6 | . 7 Level 2 . | . . Level 3 . | . . Level 4 . | . . Level 5 . | . . High Security . | . . Max Security . | . . Squads Dispatched 4 | . 4 Investigation 2 | . 2 Extermination . | . . Reinforcement 2 | . 2 Assault . | . . Garrison . | . . Intercept . | . . Searches Triggered . | . . Construction Impeded . | . . Haulers Reinforced . | . . Active Scanning Responses . | . . Cargo Convoy Interrupts . | . . Stealth | -11 -10 --------- Run | Yrd Mat Distress Signals 1 | . 1 Communications Jammed . | . . Distress Signals . | . . Times Spotted 25 | . 25 Peak Tracking Total 6 | . 6 Tactical Retreats 1 | . 1 Traps | -11 -10 ------- Run | Yrd Mat Traps Triggered 2 | . 2 Indirectly . | . . Trap Hack Attempts . | . . Triggered . | . . Disarmed . | . . Reprogrammed . | . . Reused . | . . Traps Extracted . | . . Installed . | . . Triggered . | . . Machines | -11 -10 ---------- Run | Yrd Mat Machines Disabled . | . . Max in Single Turn . | . . Machines Repaired . | . . Machines Dismantled . | . . Machines Sabotaged . | . . Overloaded Fab Kills . | . . Hacking | -11 -10 --------- Run | Yrd Mat Machines Accessed 2 | . 2 Terminals 2 | . 2 Fabricators . | . . Repair Stations . | . . Recycling Units . | . . Scanalyzers . | . . Garrison Access . | . . Total Hacks 7 | . 7 Successful 3 | . 3 Failed 4 | . 4 Catastrophic 1 | . 1 Database Lockouts . | . . Manual 4 | . 4 Terminals 7 | . 7 Fabricators . | . . Repair Stations . | . . Recycling Units . | . . Scanalyzers . | . . Garrison Access . | . . Terminal Hacks 1 | . 1 Prototype ID Bank 1 | . 1 Fabricator Hacks . | . . Repair Station Hacks . | . . Recycling Unit Hacks . | . . Scanalyzer . | . . Garrison Access Hacks . | . . Unauthorized Hacks 2 | . 2 Terminals 2 | . 2 Botnet 1 | . 1 Operators 1 | . 1 Fabricators . | . . Repair Stations . | . . Recycling Units . | . . Scanalyzers . | . . Garrison Access . | . . Data Cores Recovered . | . . Used . | . . Hacking Detections 2 | . 2 Full Trace Events . | . . Feedback Events . | . . Feedback Blocked . | . . Robot Schematics Acquired . | . . Robots Built . | . . Authchips . | . . Time . | . . Total Robot Build Rating . | . . Part Schematics Acquired . | . . Parts Built . | . . Authchips . | . . Time . | . . Total Part Build Rating . | . . Parts Repaired . | . . Time . | . . Parts Recycled . | . . Recycled Matter . | . . Retrieved Matter . | . . Retrieved Components . | . . Parts Scanalyzed . | . . Part Schematics Acquired . | . . Parts Damaged . | . . Bothacking | -11 -10 ------------ Run | Yrd Mat Used RIF Installer . | . . Robots Hacked . | . . Non-combat . | . . Combat . | . . Robot Hacks Applied . | . . Relay Couplers Released . | . . Fabnet Peak Effective % . | . . Robots Rewired . | . . Allies Hacked . | . . Hacks Repelled . | . . Allies | -11 -10 -------- Run | Yrd Mat Total Allies . | . . Largest Group . | . . Highest-Rated Group . | . . Highest-Rated Ally . | . . Total Orders . | . . Ally Attacks . | . . Total Damage . | . . Kills . | . . Allies Corrupted . | . . Allies Melted . | . . Intel | -11 -10 ------- Run | Yrd Mat Robot Analysis Total . | . . Derelict Logs Recovered . | . . Drone Launches . | . . Drone Recoveries . | . . Exploration | -11 -10 ------------- Run | Yrd Mat Turns Passed 1415 | 327 1088 Spaces Moved 810 | 181 629 Core 19 | . 19 Treads 436 | . 436 Legs 40 | 40 . Wheels 315 | 141 174 Hover . | . . Flight . | . . Fastest Speed 100 | 100 100 Average Speed 134 | 104 142 Slowest Speed 200 | 120 200 Overloaded Moves . | . . Propulsion Burnouts . | . . Robots Hopped . | . . Cave-ins Triggered . | . . Exploration Rate (%) 39 | 7 71 Regions Visited 1 Branch Regions . Pre-discovered Areas . | . . Known Exits Taken . | . . Unknown Exits Taken 1 | 1 . Scrap Searched . | . . Spaces Dug 1 | . 1 Terrain Destroyed 1 | . 1 Melee . | . . Projectile 1 | . 1 AOE . | . . Terrain Rammed . | . . Walls Destroyed . | . . Machines Disabled . | . . Actions | -11 -10 --------- Run | Yrd Mat Total 962 | 235 727 Wait 16 | . 16 Move 809 | 180 629 Hop . | . . Pick Up 12 | 4 8 Fast Attach . | . . Attach 2 | 1 1 Detach . | . . Swap 17 | 2 15 Drop 10 | 1 9 Fire 91 | 46 45 Melee . | . . Ram 3 | 1 2 Kick . | . . Crush 2 | . 2 Escape Stasis . | . . Rewire . | . . Trap . | . . Miscellaneous . | . . Route ------- -11/Scrapyard -10/Materials (discovered 2 exits: [*Mat] / [*Min]) History --------- Turn | Location | Event 27 | -11/Scrapyard | Discovered new exit (range 3) 328 | -11/Scrapyard | Entered Materials 329 | -10/Materials | Build established: Mutant 1142 | -10/Materials | Discovered new exit (range 6) 1388 | -10/Materials | Discovered new exit (range 16) 1389 | -10/Materials | Core integrity fell below 50% 1399 | -10/Materials | Core integrity fell below 20% 1416 | -10/Materials | Destroyed by G-34 Mercenary with Small Laser Last Messages --------------- 01308_ Aluminum Leg melted. 01308_ G-34 Mercenary destroyed. 01308_ U-05 Engineer builds a Door. 01349_ O-16 Technician: "IFF HANDSHAKE FAILED. SECURING TERMINAL." 01352_ ALERT: Hostiles spotted, dispatching reinforcements to Terminal M007. 01356_ Triggered Alarm Trap. 01356_ An alarm sounds. 01356_ ALERT: Alarm triggered, dispatching investigation squad. 01376_ Lgt. Treads destroyed. 01380_ Slammed into G-34 Mercenary. 01380_ Ion Engine destroyed. 01383_ Lgt. Treads destroyed. 01388_ EXIT=FOUND 01390_ Assault Rifle destroyed. 01395_ K-01 Serf destroyed. 01401_ Med. Laser destroyed. 01402_ K-01 Serf collects debris. Map ----- +----------------------------------------------------+ | ???????????????# # | """#???????????? | | ???????????????# # #???????????? | | ???????????##### # """#???????????? | | ???????????# # """#???????????? | | ???????????# T" # """#???????????? | | ???????????# " + #???????????? | | ???????????# # #???????????? | | ???????????# # #???????????? | | ???????????## ##########???????????? | | ????????????# #????????????????????? | | ????????????# #????????????????????? | | ????????????# #????????????????????? | | ???????#+#+## #????????????????????? | | ???????# #????????????????????? | | ???????# +????????????????????? | | ???????# #????????????????????? | | ??########+##! #????????????????????? | | ??# #% #????????????????????? | | ??# """ #* #????????????????????? | | ??? """ "T" # g #????????????????????? | | ??# """ /g k#????????????????????? | | ??# """ # #????????????????????? | | ??# g# #????????????????????? | | ??# # #????????????????????? | | ??# ; #????????????????????? | | ??###########@ #????????????????????? | | ????????????# < #????????????????????? | | ????????????# #????????????????????? | | ????????????#####????????????????????? | | ?????????????????????????????????????? | | ?????????????????????????????????????? | | ?????????????????????????????????????? | | ?????????????????????????????????????? | | | | | | | | | | | | | | | | | | | | | | | | | | | | | | | | | | | +----------------------------------------------------+ Best States ------------- Heat Dissipation 25 Energy Generation 10 Energy Capacity 250 Matter Stores 300 Matter Capacity 300 Sight Range 16 Terrain Scan Range 16 Terrain Scan Density 10 Utility Shielding 33 Evasion (%) 55 Recoil Reduction 2 Item Schematics ----------------- None Robot Schematics ------------------ None Fabricated ------------ Nothing Alien Tech Used ----------------- None Achievements -------------- None Challenges ------------ None Game ------ Seed MappingBurstLink Manual? 0 Play Time 00:13:11 Cumulative 81.4 hours Start 2024.11.30 @ 17:01:29 End 2024.11.30 @ 20:11:11 Sessions 2 Manual Loads 0 Difficulty Rogue Special Mode None Game No. 121 Rogue 121 Adventurer 0 Explorer 0 Win Type - Total 0 Types 0/0/0/0/0/0/0/0/0 Lore% 54 Gallery% 43 Achievement% 32 Wizard Run 0 Options --------- Layout 1 ASCII 0 Keyboard 0 Movement Mouse Keybinds 0 Fullscreen 1 Font 24/Smallcaps Map View 50x40 Zoom Use 0% Tactical HUD 1 Map Filters NONE Filters NONE Steam 1 RUN: 1f19b48d-a0c8-4fda-bd60-6f337ba43472